 Dungeon Crawl Stone Soup version 0.21-a0-525-ga34b322 (webtiles) character file.

2151 Inus the Destroyer (level 9, -3/45 HPs)
             Began as a Tengu Conjurer on Dec 7, 2017.
             Was an Initiate of Vehumet.
             Shot with an arrow by a centaur (8 damage)
             ... on level 8 of the Dungeon.
             The game lasted 00:21:37 (7268 turns).

Inus the Destroyer (Tengu Conjurer)                 Turns: 7268, Time: 00:21:37

Health: -3/45      AC:  5    Str: 12    XL:     9   Next: 31%
Magic:  20/26      EV: 14    Int: 26    God:    Vehumet [......]
Gold:   560        SH:  0    Dex: 14    Spells: 3/18 levels left

rFire    + . .     SeeInvis +   z - +4 falchion "Punytilu" {slice, rElec Int+7 SInv}
rCold    . . .     Gourm    .   (no shield)
rNeg     + . .     Faith    .   x - +1 robe of Dyip {rPois rF+ Int+4}
rPois    +         Spirit   .   d - +2 hat
rElec    +         Reflect  .   (no cloak)
rCorr    .         Harm     .   (no gloves)
MR       .....                  (boots unavailable)
Stlth    ++........             (no amulet)
HPRegen  0.15/turn              w - ring of Koduujuu {+Blink rN+ MP+9 Str+4 Int-5}
MPRegen  0.20/turn              t - +2 ring of evasion

@: no status effects
A: beak, talons 3, able to fly 1
a: Fly, Renounce Religion, Evoke Blink


You were on level 8 of the Dungeon.
You worshipped Vehumet.
Vehumet was noncommittal.
You were not hungry.

You visited 2 branches of the dungeon, and saw 9 of its levels.

You collected 560 gold pieces.

Inventory:

Hand Weapons
 z - the +4 falchion "Punytilu" (weapon) {slice, rElec Int+7 SInv}
   (You found it on level 7 of the Dungeon)

   It inflicts extra damage upon your enemies.
   It affects your intelligence (+7).
   It insulates you from electricity.
   It lets you see invisible.
 B - a +3 dagger of holy wrath
Missiles
 c - 7 tomahawks (quivered)
 q - 59 bolts
Armour
 d - a +2 hat (worn)
 g - a +1 leather armour of cold resistance
 x - the +1 robe of Dyip (worn) {rPois rF+ Int+4}
   (You found it on level 6 of the Dungeon)

   It affects your intelligence (+4).
   It protects you from fire.
   It protects you from poison.
Jewellery
 h - an uncursed ring of flight
 k - a +3 ring of strength
 t - a +2 ring of evasion (right hand)
 w - the ring of Koduujuu (left hand) {+Blink rN+ MP+9 Str+4 Int-5}
   (You found it on level 7 of the Dungeon)

   [ring of magical power]

   It affects your strength (+4).
   It affects your intelligence (-5).
   It protects you from negative energy.
   It affects your magic capacity (+9).
   It lets you blink.
Scrolls
 i - 2 scrolls of teleportation
 n - a scroll of blinking
 s - 2 scrolls of magic mapping
 u - a scroll of enchant armour
 v - 5 scrolls of amnesia
Potions
 e - a potion of haste
 m - a potion of curing
 p - a potion of lignification
Books
 b - a book of Conjurations

   Spells                             Type                      Level
   a - Magic Dart                     Conjuration                  1
   b - Searing Ray                    Conjuration                  2
   c - Dazzling Spray                 Conjuration/Hexes            3
   d - Fulminant Prism                Conjuration/Hexes            4
   e - Force Lance                    Conjuration/Translocation    4
   f - Iskenderun's Mystic Blast      Conjuration                  4
Comestibles
 j - 3 meat rations
 l - 5 fruits
 r - 4 royal jellies
 A - 4 bread rations


   Skills:
 - Level 2.1 Dodging
 - Level 2.0 Stealth
 - Level 5.0 Spellcasting
 + Level 14.4 Conjurations


You had 3 spell levels left.
You knew the following spells:

 Your Spells              Type           Power        Failure   Level  Hunger
a - Magic Dart            Conj           ####         1%          1    None
b - Searing Ray           Conj           ######       1%          2    None
c - Iskenderun's Mystic   Conj           ######..     1%          4    ###....
d - Fulminant Prism       Conj/Hex       #####.....   4%          4    ###....
e - Force Lance           Conj/Tloc      #####...     4%          4    ###....


Dungeon Overview and Level Annotations

Branches:
Dungeon (8/15)             Temple (1/1) D:7
   Lair: D:8-11

Altars:
Ashenzari
Cheibriados
Dithmenos
Elyvilon
Fedhas
Gozag
Hepliaklqana
Kikubaaqudgha
Makhleb
Nemelex Xobeh
Okawaru
Qazlal
Ru
Sif Muna
Trog
Uskayaw
Vehumet
Wu Jian
Xom
Yredelemnul
Zin
The Shining One

Shops:
D:5 :   D:6 =


Innate Abilities, Weirdness & Mutations

You have a beak for a mouth.
You have claws for feet.
You can fly.


Message History

The centaur shouts!
The centaur wields a runed shortbow.
It is covered in frost.
The centaur shoots an arrow.
The arrow misses you.
Casting: Magic Dart
Confirm with . or Enter, or press ? or * to list all spells.
You can't see any susceptible monsters within range! (Use Z to cast anyway.)
The centaur shoots an arrow.
The arrow closely misses you.
You see here an arrow.
The centaur shoots an arrow.
The arrow misses you.
You see here an arrow.
The centaur shoots an arrow.
The arrow hits you! The arrow freezes you.
You see here an arrow.
Okay, then.
The centaur shoots an arrow.
The arrow hits you!
* * * LOW HITPOINT WARNING * * *
The arrow freezes you.
* * * LOW HITPOINT WARNING * * *
You see here an arrow.
The centaur shoots an arrow.
The arrow hits you!
You die...

##....c........[.=..#
#.#
.........((.c....[..#
#.#
##.##########.###.#.#
#.# #.# #.#.# #.# #.#
#..<# #.####### #.#
#.### #......>. #.#
#.# #..######
#(###.#####..#
#.@...<......#
#####....>...#
#.######## #.# #.#
#.# #.# ..#


You could see a centaur.

Vanquished Creatures
  A hippogriff (D:5)
  2 water moccasins
  2 orc warriors
  2 black bears
  A sky beast (D:7)
  A phantom (D:8)
  2 necrophages (D:7)
  A bullfrog (D:6)
  3 scorpions
  3 howler monkeys
  4 orc priests
  3 hounds
  A centaur skeleton (D:7)
  A bullfrog skeleton (D:6)
  An iguana (D:4)
  5 orc wizards
  2 worker ants (D:7)
  A killer bee zombie (D:6)
  9 adders
  A howler monkey skeleton (D:4)
  2 oozes
  2 adder skeletons
  2 adder zombies (D:5)
  2 worms (D:3)
  A dart slug (D:1)
  2 leopard geckos
  24 orcs
  3 giant cockroaches
  7 goblins
  4 hobgoblins
  4 jackals
  4 kobolds (D:3)
  3 quokkas
  2 bats
  4 frilled lizards
  A quokka skeleton (D:6)
  7 rats
120 creatures vanquished.

Vanquished Creatures (others)
  A fulminant prism (D:7)
1 creature vanquished.

Grand Total: 121 creatures vanquished

Notes
Turn   | Place    | Note
-------+----------+-------------------------------------------
     0 | D:1      | Inus the Tengu Conjurer began the quest for the Orb.
     0 | D:1      | Reached XP level 1. HP: 10/10 MP: 4/4
   316 | D:1      | Reached XP level 2. HP: 11/15 MP: 6/6
   586 | D:1      | Learned a level 2 spell: Searing Ray
   920 | D:2      | Found an iron altar of Okawaru.
  1223 | D:2      | Reached XP level 3. HP: 19/19 MP: 4/8
  1237 | D:2      | Found an opulent altar of Gozag.
  1784 | D:3      | Reached XP level 4. HP: 23/24 MP: 10/10
  2116 | D:3      | Gained mutation: You can fly. [Tengu growth]
  2116 | D:3      | Reached XP level 5. HP: 19/28 MP: 8/13
  2267 | D:3      | Learned a level 4 spell: Iskenderun's Mystic Blast
  2272 | D:3      | Learned a level 4 spell: Fulminant Prism
  2390 | D:4      | Reached skill level 5 in Spellcasting
  2496 | D:4      | Reached skill level 6 in Conjurations
  2601 | D:4      | Reached XP level 6. HP: 32/32 MP: 11/14
  2679 | D:4      | Reached skill level 7 in Conjurations
  3318 | D:5      | Entered Level 5 of the Dungeon
  3641 | D:5      | Noticed a hippogriff
  3651 | D:5      | Killed a hippogriff
  3651 | D:5      | Reached skill level 9 in Conjurations
  3651 | D:5      | Reached XP level 7. HP: 8/36 MP: 5/15
  4097 | D:5      | Found a hazy altar of Hepliaklqana.
  4098 | D:5      | Found a shattered altar of Ashenzari.
  4137 | D:5      | Found Imediona's Book Shop.
  4194 | D:5      | Found a sacrificial altar of Ru.
  4421 | D:6      | Reached skill level 10 in Conjurations
  4740 | D:6      | Found Bolaahug's Jewellery Shoppe.
  4758 | D:6      | Reached XP level 8. HP: 29/41 MP: 10/16
  4875 | D:6      | Found a white marble altar of Elyvilon.
  5021 | D:6      | Reached skill level 11 in Conjurations
  5434 | D:6      | Got an ancient robe
  5435 | D:6      | Identified the +1 robe of Dyip {rPois rF+ Int+4} (You found it on level 6 of the Dungeon)
  5457 | D:6      | Learned a level 4 spell: Force Lance
  5866 | D:7      | Reached skill level 12 in Conjurations
  5907 | D:7      | Got a transparent golden ring
  5914 | D:7      | Identified the ring of Koduujuu {+Blink rN+ MP+9 Str+4 Int-5} (You found it on level 7 of the Dungeon)
  6074 | D:7      | Reached skill level 13 in Conjurations
  6263 | D:7      | Reached XP level 9. HP: 40/44 MP: 16/17
  6353 | D:7      | Found a sacrificial altar of Ru.
  6489 | D:7      | Got a steaming falchion
  6604 | D:7      | Identified the +4 falchion "Punytilu" {slice, rElec Int+7 SInv} (You found it on level 7 of the Dungeon)
  6767 | D:7      | Found a staircase to the Ecumenical Temple.
  6772 | Temple   | Entered the Ecumenical Temple
  6812 | Temple   | Became a worshipper of Vehumet
  6836 | D:7      | Found a sparkling altar of Nemelex Xobeh.
  6836 | D:7      | Found a white marble altar of Elyvilon.
  6836 | D:7      | Found a glowing silver altar of Zin.
  6836 | D:7      | Found an ornate altar of the Wu Jian Council.
  6837 | D:7      | Found a basalt altar of Yredelemnul.
  6837 | D:7      | Found a stormy altar of Qazlal.
  6838 | D:7      | Found a snail-covered altar of Cheibriados.
  6838 | D:7      | Found an ancient bone altar of Kikubaaqudgha.
  6838 | D:7      | Found a basalt altar of Yredelemnul.
  6838 | D:7      | Found a shimmering altar of Xom.
  6838 | D:7      | Found a shadowy altar of Dithmenos.
  6838 | D:7      | Found a stormy altar of Qazlal.
  6973 | D:7      | Found a snail-covered altar of Cheibriados.
  6977 | D:7      | Found a shimmering altar of Xom.
  6982 | D:7      | Found a glowing golden altar of the Shining One.
  7082 | D:8      | Reached skill level 14 in Conjurations
  7268 | D:8      | Shot with an arrow by a centaur

Vault maps used:
D:1:      tarquinn_simple_flora_water_d, minmay_misc_feat_rows
D:2:      nicolae_overflow_crystal_walls, grunt_gozag_breadcrumbs,
          serial_co_window_serial, co_window_paths_a, co_window_paths_a,
          co_window_corner_a, co_window_of_opportunity_a, co_window_corner_a,
          co_window_corner_b, co_window_corner_b, co_window_broadway_b,
          co_window_unsneaky_path_c, co_window_corner_b, co_window_paths_e,
          glass_columns_c, glass_columns_b, glass_columns_a, glass_columns_a
D:5:      chequers_temple_overflow_statue_of_worship, serial_shops, shop,
          first_bread, nicolae_ru_path_of_blood
D:6:      lemuel_coloured_pillars_altar, serial_shops, shop
D:7:      old_standard_altar, minmay_overflow_temple_star_quad, temple_doors_ab,
          serial_glass, glass_columns_b, glass_columns_a
Temple:   cyrus_circular_temple

Skill      XL: |  1  2  3  4  5  6  7  8  9 |
---------------+----------------------------+-----
Spellcasting   | 3 4 5 |  5.0
Conjurations   | 6 9 10 13 14 | 14.4
Dodging        | |  2.1
Stealth        | |  2.0

Action                   |  1- 3 |  4- 6 |  7- 9 || total
-------------------------+-------+-------+-------++-------
Melee: Dagger            |    61 |    34 |    31 ||   126
       Kick              |    14 |     5 |    11 ||    30
       Peck              |     7 |     5 |     5 ||    17
       Falchion          |       |       |    10 ||    10
 Cast: Magic Dart        |    19 |    52 |    69 ||   140
       Searing Ray       |     2 |    13 |    22 ||    37
       Iskenderun's Myst |       |       |    13 ||    13
       Fulminant Prism   |       |       |     1 ||     1
  Use: Scroll            |     2 |       |    16 ||    18
       Potion            |       |     3 |     8 ||    11
 Stab: Sleeping          |     2 |       |       ||     2
  Eat: Bread ration      |     1 |       |       ||     1
       Chunk             |       |     3 |    12 ||    15
       Fruit             |       |       |     5 ||     5
Armor: Robe              |    15 |     8 |    17 ||    40
Dodge: Dodged            |    42 |    30 |    65 ||   137
       Rpst.: Falchion   |       |       |     4 ||     4

Table legend:
 A = Spawn XP
 B = Non-spawn XP
 C = Spawn XP percentage of total XP
 D = Spawn monster count
 E = Non-spawn monster count
 F = Spawn count percentage of total count
 G = Total turns spent on level
                    A         B        C        D         E        F      G
               +---------+---------+-------+---------+---------+-------+---------
         Total |       0 |    3074 |   0.0 |       0 |     120 |   0.0 |  7268
               +---------+---------+-------+---------+---------+-------+---------
           D:1 |       0 |      23 |   0.0 |       0 |      12 |   0.0 |   754
           D:2 |       0 |      22 |   0.0 |       0 |       6 |   0.0 |   857
           D:3 |       0 |     167 |   0.0 |       0 |      29 |   0.0 |   932
           D:4 |       0 |     326 |   0.0 |       0 |      20 |   0.0 |   775
           D:5 |       0 |     367 |   0.0 |       0 |       8 |   0.0 |  1003
           D:6 |       0 |     584 |   0.0 |       0 |      12 |   0.0 |  1467
           D:7 |       0 |    1243 |   0.0 |       0 |      27 |   0.0 |  1280
           D:8 |       0 |     342 |   0.0 |       0 |       6 |   0.0 |   138
               +---------+---------+-------+---------+---------+-------+---------
